 Dungeon Crawl Stone Soup version 0.23-a0-335-gba3dfdf (webtiles) character file.

510 Amnesiac the Digger (level 7, -4/48 (50) HPs)
             Began as a Ghoul Earth Elementalist on Oct 17, 2018.
             Shot with an arrow by a centaur (9 damage)
             ... on level 6 of the Dungeon.
             The game lasted 00:10:03 (3310 turns).

Amnesiac the Digger (Ghoul Earth Elementalist)      Turns: 3310, Time: 00:10:04

HP:   -4/48 (50)    AC:  2    Str: 12    XL:     7   Next: 19%
MP:   6/12          EV: 12    Int: 12    God:
Gold: 101           SH:  0    Dex:  9    Spells: 3/14 levels left

rFire    . . .     SeeInvis .   (no weapon)
rCold    + . .     Gourm    .   (no shield)
rNeg     + + +     Faith    .   c - +0 robe
rPois    ∞         Spirit   .   (no helmet)
rElec    .         Reflect  .   (no cloak)
rCorr    .         Harm     .   (no gloves)
MR       .....                  (no boots)
Stlth    ++........             (no amulet)
HPRegen  0.00/turn              (no ring)
MPRegen  0.13/turn              (no ring)

@: starving, rotting
A: rotting body, claws 1, carnivore, cold resistance 1, negative energy
resistance 3, inhibited regeneration, torment resistance, unbreathing
a: no special abilities


You were on level 6 of the Dungeon.
You were starving.

You visited 1 branch of the dungeon, and saw 6 of its levels.

You collected 101 gold pieces.

Inventory:

Missiles
 r - 5 stones (quivered)
Armour
 c - a +0 robe (worn)
 f - a cursed +0 ring mail
Wands
 b - a wand of scattershot (9)
 p - a wand of random effects (31)
Scrolls
 e - a scroll of blinking {!r, unknown}
 h - 3 scrolls of teleportation {!r}
 i - a scroll of noise {!r, unknown}
 j - a scroll of identify {!r, unknown}
 l - 2 scrolls of random uselessness {!r, unknown}
 m - a scroll of magic mapping {!r, unknown}
 n - 2 scrolls of enchant weapon {!r, unknown}
 o - a scroll of enchant armour {!r, unknown}
Potions
 a - a potion of agility {!q, unknown}
 g - a potion of lignification {!q, unknown}
 k - a potion of heal wounds {!q}
 q - a potion of might {!q, unknown}
Comestibles
 d - 7 rations


   Skills:
 - Level 1.7 Dodging
 - Level 2.1 Stealth
 + Level 4.0 Spellcasting
 - Level 1.3 Transmutations
 * Level 7.1 Earth Magic


You had 3 spell levels left.
You knew the following spells:

 Your Spells              Type           Power        Failure   Level  Hunger
a - Sandblast             Erth           ###...       1%          1    #......
b - Passwall              Tmut/Erth      ##......     6%          2    ##.....
c - Stone Arrow           Conj/Erth      ##....       16%         3    ###....
d - Lee's Rapid Deconstr  Erth           ###.......   32%         5    ######.

Your spell library contained the following spells:

 Spells                   Type           Power        Failure   Level  Hunger
 Petrify                  Tmut/Erth      ##......     36%         4    #####..


Dungeon Overview and Level Annotations

Branches:
Dungeon (6/15)
 Temple: D:4-7

Altars:
Dithmenos
Elyvilon
Nemelex Xobeh
Qazlal
Ru

Annotations:
D:2 Terence
D:4 3 runed doors, Nr616's ghost, amateur GrFi


Innate Abilities, Weirdness & Mutations

Your body is rotting away.
You thrive on raw meat.
You are immune to poison.
You have sharp fingernails.
You are carnivorous and can eat meat at any time.
Your flesh is cold resistant. (rC+)
You are immune to negative energy. (rN+++)
You do not regenerate when monsters are visible.
You are immune to unholy pain and torment.
You can survive without breathing.


Message History

Press: ? - help, Shift-Dir - straight line, f - jackal
Aim: a jackal The blast of sand misses the jackal.
r - 10 stones
Casting: Sandblast (safe; 1% risk of failure)
Confirm with . or Enter, or press ? or * to list all spells.
Aiming: Sandblast (safe; 1% risk of failure)
Press: ? - help, Shift-Dir - straight line, f/p - jackal
Aim: a jackal The blast of sand misses the jackal.
The blast of sand hits the howler monkey.
The howler monkey is heavily wounded.
r - 9 stones The jackal bites you but does no damage.
Casting: Sandblast (safe; 1% risk of failure)
Confirm with . or Enter, or press ? or * to list all spells.
Aiming: Sandblast (safe; 1% risk of failure)
Press: ? - help, Shift-Dir - straight line, f/p - jackal
Aim: a jackal The blast of sand hits the jackal.
r - 8 stones The jackal misses you.
The howler monkey hits you.
* * * LOW HITPOINT WARNING * * *
The jackal closely misses you.
Casting: Sandblast (safe; 1% risk of failure)
Confirm with . or Enter, or press ? or * to list all spells.
Aiming: Sandblast (safe; 1% risk of failure)
Press: ? - help, Shift-Dir - straight line, f/p - jackal
Aim: a jackal The blast of sand hits the jackal.
You kill the jackal!
r - 7 stones You feel your flesh rotting away.
A centaur comes into view.
An ooze comes into view.
The howler monkey closely misses you.
Casting: Sandblast (safe; 1% risk of failure)
Confirm with . or Enter, or press ? or * to list all spells.
Aiming: Sandblast (safe; 1% risk of failure)
Press: ? - help, Shift-Dir - straight line, f - howler monkey
Aim: a howler monkey (heavily wounded)
The blast of sand hits the howler monkey.
The howler monkey is severely wounded.
r - 6 stones The centaur shouts!
The howler monkey hits you.
* * * LOW HITPOINT WARNING * * *
Something unseen opens the door.
Casting: Sandblast (safe; 1% risk of failure)
Confirm with . or Enter, or press ? or * to list all spells.
Aiming: Sandblast (safe; 1% risk of failure)
Press: ? - help, Shift-Dir - straight line, f/p - howler monkey
Aim: a howler monkey (severely wounded)
The blast of sand hits the howler monkey.
You kill the howler monkey!
Your Earth Magic skill increases to level 7!
r - 5 stones You feel your flesh rotting away.
A centaur comes into view.
The centaur wields a +0 shortbow.
The centaur shoots an arrow.
The arrow hits you.
* * * LOW HITPOINT WARNING * * *
The centaur wields a +0 shortbow.
The centaur shoots an arrow.
The arrow hits you!
You die...

.. .... .# .... .... .#
.... .... .#c....
....###+##### ##c#..J..
............# #......#
............# #......+.
............# #.†......
............####@.......
##'#####+##.z.z..##'##.+
..........#......#.....
..........#............
.......................
#|###...#.....########
#.......#.....#
#.......#)....#
#.......#.....#


You could see 2 centaurs, 2 wights and an ooze.

Vanquished Creatures
  A bullfrog (D:6)
  A scorpion (D:4)
  A wight (D:6)
  2 howler monkeys
  A crimson imp (D:5)
  A jelly (D:4)
  A hound (D:5)
  An orc wizard (D:6)
  2 worker ants
  A hound skeleton (D:5)
  A howler monkey zombie (D:5)
  A worker ant zombie (D:5)
  An adder (D:4)
  2 shadow imps
  A worm (D:2)
  A dart slug (D:1)
  2 leopard geckos (D:2)
  2 orcs
  2 ball pythons
  3 bats
  A giant cockroach (D:2)
  2 goblins (D:2)
  2 hobgoblins (D:1)
  6 jackals (D:6)
  A quokka (D:4)
  A frilled lizard (D:1)
  4 kobolds
  A leopard gecko zombie (D:5)
  6 rats
52 creatures vanquished.

Notes
Turn   | Place    | Note
-------+----------+-------------------------------------------
     0 | D:1      | Amnesiac the Ghoul Earth Elementalist began the quest for
                  | the Orb.
     0 | D:1      | Reached XP level 1. HP: 14/14 MP: 2/2
     6 | D:1      | Noticed a killer bee
     6 | D:1      | Noticed a water moccasin
     6 | D:1      | Noticed a hound
     7 | D:1      | Noticed a komodo dragon
     7 | D:1      | Noticed a polar bear
    76 | D:1      | Reached XP level 2. HP: 8/20 MP: 0/4
   281 | D:2      | Noticed Terence
   505 | D:2      | Reached XP level 3. HP: 22/26 MP: 0/5
   562 | D:2      | Learned a level 2 spell: Passwall
   652 | D:2      | Found a faded altar of an unknown god.
   704 | D:3      | Noticed a scorpion
   708 | D:3      | Found a sparkling altar of Nemelex Xobeh.
   717 | D:3      | Reached skill level 4 in Earth Magic
   983 | D:4      | Reached skill level 1 in Transmutations
   983 | D:4      | Reached XP level 4. HP: 31/33 MP: 1/7
  1123 | D:4      | Found a stormy altar of Qazlal.
  1123 | D:4      | Found a white marble altar of Elyvilon.
  1128 | D:4      | Found a faded altar of an unknown god.
  1130 | D:4      | Found a shadowy altar of Dithmenos.
  1131 | D:4      | Found a faded altar of an unknown god.
  1333 | D:4      | Found a runed gate.
  1374 | D:4      | Reached skill level 5 in Earth Magic
  1374 | D:4      | Reached XP level 5. HP: 15/38 MP: 0/8
  1379 | D:4      | Learned a level 3 spell: Stone Arrow
  1478 | D:4      | Found a runed gate.
  1478 | D:4      | Found a runed gate.
  1757 | D:4      | Noticed an ice beast
  1769 | D:4      | Noticed Nr616's ghost (amateur GrFi)
  1951 | D:5      | Entered Level 5 of the Dungeon
  2295 | D:5      | Found a sacrificial altar of Ru.
  2542 | D:5      | Reached XP level 6. HP: 14/40 MP: 2/10
  2565 | D:5      | Learned a level 5 spell: Lee's Rapid Deconstruction
  2766 | D:5      | Reached skill level 6 in Earth Magic
  3170 | D:6      | Reached XP level 7. HP: 44/44 MP: 0/11
  3310 | D:6      | Reached skill level 7 in Earth Magic
  3310 | D:6      | Shot with an arrow by a centaur

Vault maps used:
D:1:      onia_arrival_zoo_common
D:2:      chequers_ecumenical_altar_simple_redux, uniq_jessica, uniq_terence,
          uniq_robin
D:3:      wad_crossroads, overflow_temple_1_default, zin_treasury, first_ration
D:4:      chequers_temple_overflow_minitemple, gammafunk_ghost_icy, st_stairs_13
D:5:      nicolae_ru_awakened_eye, minmay_misc_feat_secret_circle,
          serial_bayou_lagoon_a
D:6:      minmay_temple_entry_poolview, serial_bayou_pond_e,
          uniq_crazy_yiuf_cottage

Skill      XL: |  1  2  3  4  5  6  7 |
---------------+----------------------+-----
Spellcasting   | 2 3 4 |  4.0
Earth Magic    | 4 5 6 7 |  7.1
Transmutations | 1 |  1.3
Dodging        | |  1.7
Stealth        | |  2.1

Action                   |  1- 3 |  4- 6 |  7- 9 || total
-------------------------+-------+-------+-------++-------
Melee: Unarmed           |    92 |    61 |    39 ||   192
 Cast: Sandblast         |    25 |    23 |    11 ||    59
       Passwall          |     1 |     2 |       ||     3
       Stone Arrow       |       |    24 |       ||    24
Evoke: Wand              |       |     2 |       ||     2
  Use: Scroll            |       |       |     1 ||     1
       Potion            |       |       |     1 ||     1
 Stab: Sleeping          |     1 |       |       ||     1
  Eat: Chunk             |     8 |     9 |       ||    17
Armor: Robe              |    27 |    13 |    12 ||    52
Dodge: Dodged            |    76 |    63 |    29 ||   168

Table legend:
 A = Non-vault XP
 B = Vault XP
 C = Vault XP percentage of total XP
 D = Non-vault monster count
 E = Vault monster count
 F = Vault count percentage of total count
                 A         B        C        D         E       F
            +---------+---------+-------+---------+---------+-------
      Total |     716 |      13 |   1.8 |      51 |       1 |   1.9
            +---------+---------+-------+---------+---------+-------
        D:1 |      16 |       0 |   0.0 |       9 |       0 |   0.0
        D:2 |      27 |       0 |   0.0 |      14 |       0 |   0.0
        D:3 |       5 |       0 |   0.0 |       2 |       0 |   0.0
        D:4 |     204 |      13 |   6.0 |       6 |       1 |  14.3
        D:5 |     189 |       0 |   0.0 |       8 |       0 |   0.0
        D:6 |     275 |       0 |   0.0 |      12 |       0 |   0.0
            +---------+---------+-------+---------+---------+-------
